Map: Blueshift LE

Players

Sieget - Winner!

  • Race: Zerg Zerg
  • League: Diamond
  • Spawn Location: 1:00

VOD

https://www.youtube.com/watch?v=EFGJKS69qz0

Description

Time

  • Played on: Aug. 31, 2018, 12:46 a.m.
  • Length: 3:27
Show
View Real Time Build Order
Export as new Build Order

Sieget Zerg - Winner!

Build Orders: Hatch First 

Get SALT Encoding   

  12  0:02  Drone  
  12  0:08  Drone  
  12  0:15  Extractor  
  12  0:16  Drone  
  12  0:38  Hatchery  
  12  0:41  Extractor  
  12  0:43  Drone  
  12  0:59  Spawning Pool  
  12  1:03  Drone  
  12  1:13  Overlord  
  12  1:45  Metabolic Boost  
  12  1:46  Queen  
  12  1:47  Zergling x4  
  12  1:49  Zergling x2  
  12  1:53  Zergling x2  
  12  1:58  Zergling x2  
  12  2:01  Zergling x2  
  12  2:09  Zergling x2  
  12  2:12  Zergling x2  
  12  2:19  Overlord  
  12  2:23  Zergling x2  
  12  2:31  Zergling x2  
  12  2:33  Zergling x2  
  12  2:41  Zergling x2  
  12  2:44  Zergling x2  
  12  2:52  Zergling x2  
  12  2:54  Zergling x4  
  12  2:55  Zergling x4  
Tags
 
Add a new tag
Caveats
  • Supply blocks, unpowered buildings, or Contaminate may cause inaccurate times.
  • Supply counts are checked every 10 seconds.